 Dungeon Crawl Stone Soup version 0.27.1-1-g398f81649c (webtiles) character file.

Game seed: 15832503891534614332

3026 pkoi the Carver (level 9, -17/78 HPs)
             Began as a Minotaur Gladiator on Sept 20, 2021.
             Was an Elder of Dithmenos.
             Killed from afar by Maurice (18 damage)
             ... with a bolt of acid
             ... on level 8 of the Dungeon.
             The game lasted 00:08:38 (6537 turns).

pkoi the Carver (Minotaur Gladiator)                Turns: 6537, Time: 00:08:39

Health: -17/78     AC:  8    Str: 21    XL:     9   Next: 55%
Magic:  8/8        EV: 14    Int:  5    God:    Dithmenos [****..]
Gold:   295        SH:  0    Dex: 13    Spells: 8/8 levels left

rFire    . . .     SeeInvis +   a - +1 long sword
rCold    . . .     Faith    .   (no shield)
rNeg     . . .     Spirit   .   s - +0 leather armour
rPois    .         Reflect  .   c - +1 hat
rElec    .         Harm     .   q - +0 cloak
rCorr    .         Rampage  .   i - +0 pair of gloves
Will     +....                  B - +0 pair of boots
Stlth    +.........             (no amulet)
HPRegen  0.23/turn              u - ring of see invisible
MPRegen  0.11/turn              G - ring of willpower

@: wreathed by umbra
A: horns 2, retaliatory headbutt
a: Renounce Religion, Shadow Step


You were on level 8 of the Dungeon.
You worshipped Dithmenos.
Dithmenos was greatly pleased with you.
You visited 1 branch of the dungeon, and saw 8 of its levels.

You collected 295 gold pieces.

Inventory:

Hand Weapons
 a - a +1 long sword (weapon)
 b - the +7 longbow of the Ten Mouths {venom, rN+ Str+4}
   (You took it off an orc on level 4 of the Dungeon)

   Any ammunition fired from it poisons the flesh of those it strikes.
   Str:       It affects your strength (+4).
   rN:        It protects you from negative energy.
Missiles
 d - 3 throwing nets (quivered)
 g - 61 poisoned darts
 p - 4 boomerangs
 t - 157 arrows
Armour
 c - a +1 hat (worn)
 i - a +0 pair of gloves (worn)
 q - a +0 cloak (worn)
 s - a +0 leather armour (worn)
 B - a +0 pair of boots (worn)
Jewellery
 e - a ring of ice
 u - a ring of see invisible (left hand)
 G - a ring of willpower (right hand)
Wands
 z - a wand of digging (6)
 A - a wand of mindburst (11)
Scrolls
 k - 2 scrolls of enchant armour
 r - 3 scrolls of enchant weapon
 v - a scroll of amnesia
Potions
 f - a potion of berserk rage {unknown}
 h - a potion of lignification
 j - 3 potions of heal wounds {unknown}
 l - a potion of might {unknown}
 m - a potion of cancellation
 n - a potion of degeneration
 o - 3 potions of curing {unknown}
 w - a potion of mutation {unknown}
 C - a potion of ambrosia {unknown}
 E - a potion of flight
 F - 2 potions of brilliance {unknown}


   Skills:
 + Level 6.9 Fighting
 - Level 9.9 Long Blades
 + Level 5.8 Bows
 - Level 2.0 Throwing
 + Level 6.4 Armour
 + Level 6.8 Dodging


You had 8 spell levels left.
You didn't know any spells.
Your spell library contained the following spells:

 Spells                   Type           Power      Damage    Failure   Level
 Animate Skeleton         Necr           0%         N/A       52%         1
 Apportation              Tloc           0%         N/A       52%         1
 Corona                   Hex            0%         N/A       52%         1
 Summon Small Mammal      Summ           0%         N/A       52%         1
 Blink                    Tloc           N/A        N/A       67%         2
 Conjure Flame            Conj/Fire      0%         6-21      88%         3
 Dazzling Flash           Conj/Hex       0%         N/A       88%         3
 Ignite Poison            Fire/Tmut/Pois 0%         N/A       88%         3
 Lesser Beckoning         Tloc           0%         N/A       88%         3
 Leda's Liquefaction      Hex/Erth       0%         N/A       99%         4
 Sticky Flame             Conj/Fire      0%         2d3       99%         4
 Agony                    Necr           0%         N/A       100%        5
 Bolt of Magma            Conj/Fire/Erth 0%         4d4       100%        5
 Manifold Assault         Tloc           0%         N/A       100%        5
 Silence                  Hex/Air        0%         N/A       100%        5
 Statue Form              Tmut/Erth      0%         N/A       100%        6


Dungeon Overview and Level Annotations

Branches:
Dungeon (8/15)             Temple (0/1) D:6
   Lair: D:8-11

Altars:
Dithmenos
Elyvilon
Fedhas
Vehumet
Wu Jian
Yredelemnul
The Shining One

Shops:
D:3 [[

Annotations:
D:4 1 runed translucent door, pokedragonboy's ghost, novice GrFi
D:7 1 runed translucent door, bnorton916's ghost, novice DECj
D:8 Maurice


Innate Abilities, Weirdness & Mutations

You have a pair of horns on your head.
You reflexively headbutt those who attack you in melee.


Message History

A centaur comes into view. It is carrying a wand of iceblast (3).
The centaur shouts!
You hear a shout!
The centaur wields a +0 shortbow.
The centaur shoots an arrow.
The arrow hits you.
* * * LOW HITPOINT WARNING * * *
The centaur unwields a +0 shortbow.
The centaur barely misses you.
The centaur kicks you but does no damage.
Maurice the Thief comes into view.
He is wielding a +0 short sword and carrying a wand of acid (10).
The centaur hits you.
* * * LOW HITPOINT WARNING * * *
The centaur closely misses you.
You barely miss the centaur. Your headbutt misses the centaur.
The centaur hits you but does no damage.
The centaur kicks you but does no damage.
Unknown command.
You slash the centaur! You headbutt the centaur.
The centaur is severely wounded.
Your shadow hits the centaur with a long sword.
You kill the centaur!
Dithmenos accepts your kill.
Maurice mumbles some strange words.
Maurice blinks!
Found a scale mail.
Things that are here:
a +0 shortbow; 27 arrows; a wand of iceblast (3)
Okay, then.
Okay, then.
You start resting.
Maurice is nearby!
Okay, then.
As you read the scroll of identify, it crumbles to dust.
n - a potion of degeneration
As you read the scroll of identify, it crumbles to dust.
E - a potion of flight Maurice zaps a wand.
The bolt of acid hits you!
* * * LOW HITPOINT WARNING * * *
You are splashed with acid!
* * * LOW HITPOINT WARNING * * *
Maurice zaps a wand.
The bolt of acid hits you!!
You die...

#.. #[# #.#
#.# . #.#
...
#.#####.@...
#.).....#
#@#####.#
#.@..#
#.##.# #..
... ... .###
#####.# .#
.# .#


You could see Maurice.

Vanquished Creatures
  Maggie (D:8)
  Grinder (D:4)
  Duvessa (D:7)
  3 black bears (D:6)
  A sky beast (D:7)
  3 ogres
  4 centaurs
  A kobold brigand (D:8)
  Blork the orc (D:6)
  A wyvern zombie (D:6)
  4 bullfrogs
  4 scorpions
  A water moccasin skeleton (D:6)
  Dowan (D:7)
  3 orc priests
  A centaur zombie (D:6)
  A gnoll shaman (D:8)
  3 hounds
  A jelly (D:4)
  3 iguanas
  2 orc wizards
  A hound zombie (D:5)
  2 hound skeletons (D:5)
  17 gnolls
  5 adders
  A white imp (D:6)
  2 adder skeletons (D:4)
  4 dart slugs
  16 orcs
  7 ball pythons
  8 endoplasms
  2 giant cockroaches
  4 goblins
  7 hobgoblins
  18 jackals
  6 kobolds
  A quokka (D:2)
  9 bats
  2 frilled lizards
  5 rats
158 creatures vanquished.

Notes
Turn   | Place    | Note
-------+----------+-------------------------------------------
     0 | D:1      | pkoi the Minotaur Gladiator began the quest for the Orb.
     0 | D:1      | Reached XP level 1. HP: 18/18 MP: 0/0
    22 | D:1      | Reached skill level 4 in Long Blades
    98 | D:1      | Reached XP level 2. HP: 25/25 MP: 1/1
   152 | D:1      | Found a faded altar of an unknown god.
   165 | D:1      | Became a worshipper of Dithmenos the Shadowed
   165 | D:1      | Reached * piety under Dithmenos
   254 | D:1      | Reached skill level 5 in Long Blades
   312 | D:1      | Reached XP level 3. HP: 19/30 MP: 2/2
   863 | D:2      | Reached ** piety under Dithmenos
   875 | D:2      | Reached skill level 6 in Long Blades
   875 | D:2      | Reached XP level 4. HP: 28/37 MP: 3/3
  1667 | D:3      | Reached skill level 7 in Long Blades
  1667 | D:3      | Reached XP level 5. HP: 42/42 MP: 4/4
  1761 | D:3      | Reached *** piety under Dithmenos
  1779 | D:3      | Found a basalt altar of Yredelemnul.
  1779 | D:3      | Found a radiant altar of Vehumet.
  1917 | D:3      | Reached skill level 8 in Long Blades
  1947 | D:3      | Found Xupal's Armour Boutique.
  1974 | D:3      | Reached XP level 6. HP: 29/50 MP: 5/5
  2133 | D:3      | Found Gysuxat's Armour Boutique.
  2298 | D:3      | Found a blossoming altar of Fedhas.
  2815 | D:4      | Found a runed translucent door.
  2818 | D:4      | Noticed pokedragonboy's ghost (novice GrFi)
  2850 | D:4      | Identified the +7 longbow of the Ten Mouths {venom, rN+
                  | Str+4}
  2853 | D:4      | Reached skill level 9 in Long Blades
  2976 | D:4      | Found an ornate altar of the Wu Jian Council.
  2998 | D:4      | Noticed Grinder
  3003 | D:4      | Killed Grinder
  3004 | D:4      | Reached skill level 1 in Bows
  3004 | D:4      | Reached skill level 1 in Armour
  3004 | D:4      | Reached XP level 7. HP: 57/57 MP: 6/6
  3302 | D:5      | Entered Level 5 of the Dungeon
  3491 | D:5      | Reached XP level 8. HP: 66/66 MP: 7/7
  4228 | D:6      | Identified the +4 rapier of Sloth {vorpal, +Rage rPois rC++
                  | Will-}
  4255 | D:6      | Reached skill level 5 in Dodging
  4450 | D:6      | Reached **** piety under Dithmenos
  4451 | D:6      | Reached skill level 5 in Fighting
  4451 | D:6      | Found a glowing golden altar of the Shining One.
  4783 | D:6      | Found a staircase to the Ecumenical Temple.
  4865 | D:6      | Noticed Blork the orc
  4868 | D:6      | Killed Blork the orc
  5155 | D:6      | Reached skill level 5 in Armour
  5256 | D:7      | Reached XP level 9. HP: 75/75 MP: 8/8
  5360 | D:7      | Noticed Dowan
  5360 | D:7      | Noticed Duvessa
  5362 | D:7      | Killed Dowan
  5371 | D:7      | Killed Duvessa
  5375 | D:7      | Found a runed translucent door.
  5439 | D:7      | Reached skill level 5 in Bows
  5445 | D:7      | Found a white marble altar of Elyvilon.
  5952 | D:7      | Noticed bnorton916's ghost (novice DECj)
  6497 | D:8      | Noticed Maggie
  6509 | D:8      | Killed Maggie
  6520 | D:8      | Noticed Maurice
  6536 | D:8      | HP: 1/78 [acid (11)]
  6537 | D:8      | Killed from afar by Maurice

Illustrated notes

Levels and vault maps discovered:
D:1:      dpeg_arrival_rooms_a, layout_basic, ebering_ecumenical_altar_webs,
          serial_bayou_pond_b, due_unseen_surprise
D:2:      layout_rooms
D:3:      layout_basic, mainiacjoe_overflow_brackets,
          mainiacjoe_overflow_large_starburst, serial_shops, shop_statue,
          nicolae_shop_window_shopping, glass_columns_b, grunt_ministairs_6
D:4:      layout_rooms, kennysheep_mini_moat, ebering_ghost_sewer_d,
          minmay_checkerbox, uniq_grinder
D:5:      layout_cave_pools
D:6:      minmay_spotlight, layout_loops_corners,
          mainiacjoe_overflow_six_doors_small, minmay_temple_entry_offerings,
          uniq_blork_the_orc
D:7:      layout_basic, elyvilon_altar_5, ebering_ghost_reflecting_pool,
          minmay_misc_feat_tower, solitary_fountain, kennysheep_cross_room,
          uniq_duvessa
D:8:      layout_loops_cross, uniq_maurice, uniq_maggie

Skill      XL: |  1  2  3  4  5  6  7  8  9 |
---------------+----------------------------+-----
Long Blades    | 4 5 6 7 8 9 |  9.9
Fighting       | 3 4 5 6 |  6.9
Bows           | 1 2 4 5 |  5.8
Armour         | 1 3 5 6 |  6.4
Dodging        | 4 5 6 |  6.8
Throwing       | |  2.0

Action                   |  1- 3 |  4- 6 |  7- 9 || total
-------------------------+-------+-------+-------++-------
Melee: Long sword        |    52 |   128 |   111 ||   291
       Headbutt          |    11 |    25 |    43 ||    79
 Fire: Longbow           |       |     5 |    68 ||    73
  Use: Scroll            |     1 |     4 |     9 ||    14
 Stab: Distracted        |       |       |     1 ||     1
Armor: Leather armour    |    16 |    31 |    33 ||    80
Dodge: Dodged            |    43 |    96 |    90 ||   229
       Rpst.: Long sword |    13 |    28 |    26 ||    67
